 Dungeon Crawl Stone Soup version 0.30-a0-634-g8abc85282e (webtiles) character file.

Game seed: 5776299165523604850

23 Dartaoz the Ruffian (level 2, -1/27 HPs)
             Began as a Troll Gladiator on Jan 14, 2023.
             Slain by Sigmund
             ... wielding a +0 scythe
              (8 damage)
             ... on level 2 of the Dungeon.
             The game lasted 00:03:02 (668 turns).

Dartaoz the Ruffian (Troll Gladiator)                Turns: 668, Time: 00:03:03

Health: -1/27      AC:  4    Str: 21    XL:     2   Next: 75%
Magic:  1/1        EV: 10    Int:  4    God:
Gold:   58         SH:  0    Dex: 11    Spells: 1/1 levels left

rFire   . . .      SeeInvis .      - Unarmed
rCold   . . .      Faith    .    (no shield)
rNeg    . . .      Spirit   .    a - +0 robe
rPois   .          Reflect  .    b - +0 hat
rElec   .          Harm     .    (no cloak)
rCorr   .          Rampage  .    (gloves unavailable)
Will    .....                    (boots unavailable)
Stlth   +                        (no amulet)
HPRegen 1.04/turn                (no ring)
MPRegen 0.07/turn                (no ring)

@: no status effects
A: large, unfitting armour, claws 3, regeneration 1, shaggy fur 1, tough skin 1
a: no special abilities


You were on level 2 of the Dungeon.
You visited 1 branch of the dungeon, and saw 2 of its levels.

You collected 58 gold pieces.

Inventory:

Armour
 a - a +0 robe (worn)
 b - a +0 hat (worn)
Scrolls
 e - 4 scrolls of identify {unknown}
 h - a scroll of enchant armour {unknown}
Potions
 f - a potion of lignification {unknown}
 g - 2 potions of mutation {unknown}
 i - a potion of brilliance {unknown}
 j - a potion of might {unknown}


   Skills:
 - Level 1.5 Fighting
 + Level 2.4 Throwing
 - Level 2.4 Dodging
 + Level 3.5 Unarmed Combat


You had one spell level left.
You didn't know any spells.
Your spell library was empty.

Dungeon Overview and Level Annotations

Branches:
Dungeon (2/15)

Altars:

Annotations:
D:2 Sigmund


Innate Abilities, Weirdness & Mutations

You are too large for most types of armour.
You have claws for hands.
Your natural rate of healing is unusually fast.
You are covered in fur. (AC +1)
You have tough skin. (AC +1)


Message History

You throw a large rock.
The large rock hits Sigmund but does no damage.
Sigmund laughs darkly.
Sigmund points at you and mumbles some strange words.
The puff of flame hits you.
Sigmund gestures wildly while chanting.
Sigmund flickers and vanishes!
Deactivating autopickup; reactivate with Ctrl-A.
Found 13 gold pieces.
You are confused.
Something hits you but does no damage.
You are too confused!
You are too confused!
You feel less confused.
Throw: 3 throwing nets
Press: ? - help, Q - select action Shift-Dir - straight line You throw a throwing net.
Something hits you!
Throw: 2 throwing nets
Press: ? - help, Q - select action Shift-Dir - straight line You throw a throwing net.
You hear some strange, mumbled words.
You are confused.
You claw the fungus!
The fungus begins to die.
The fungus is lightly damaged.
You hear some strange, mumbled words.
A puff of flame appears from out of thin air!
The puff of flame hits you.
You scratch the fungus.
The fungus begins to die.
The fungus is lightly damaged.
Something hits you!
A nearby fungus withers and dies.
Non-targeted confused throw: throwing net
Press: ? - help, Q - select action Dir - look around, f - activate You throw a throwing net.
Something hits you!
* * * LOW HITPOINT WARNING * * *
You feel less confused.
A nearby fungus withers and dies.
Something hits you!
You die...

#.......###....##
####..###.......## ###
##....#...PP$...##
..####........P..P....#
............P.........+
#.####.........8......# #.#
##.....P....P...##
#.#######....PP..{..##
#.#...###.##..P.@..##
..#.......###....(##
###...##### #####.# .#
##.## #.# ..
#.############.## .#
#.#.............## .#
##.#.###.##.#.....# .#
#....###.##.#...<## .#
#........##.#.#.#########.#


There were no monsters in sight!

Vanquished Creatures
  3 endoplasms
  2 goblins (D:1)
  A hobgoblin (D:1)
  4 jackals (D:1)
  3 ball pythons
  2 bats (D:1)
  2 kobolds (D:1)
  4 rats (D:1)
21 creatures vanquished.

Vanquished Creatures (others)
  2 fungi (D:2)
2 creatures vanquished.

Grand Total: 23 creatures vanquished

Notes
Turn   | Place    | Note
-------+----------+-------------------------------------------
     0 | D:1      | Dartaoz the Troll Gladiator began the quest for the Orb.
     0 | D:1      | Reached XP level 1. HP: 19/19 MP: 0/0
   268 | D:1      | Reached XP level 2. HP: 27/27 MP: 1/1
   628 | D:2      | Noticed Sigmund
   668 | D:2      | Slain by Sigmund

Illustrated notes

Levels and vault maps discovered:
D:1:      wander_arrival_desolate, layout_basic
D:2:      layout_loops_corners, dreamdust_mushroom_princess, uniq_sigmund,
          uniq_jessica, uniq_crazy_yiuf_cottage, uniq_terence

Skill      XL: |  1 |
---------------+----+-----
Throwing       | 2 |  2.4
Fighting       | |  1.5
Dodging        | |  2.4
Unarmed Combat | |  3.5

Action                   || total
-------------------------++-------
Melee: Unarmed           ||    51
       Punch             ||     2
Throw: Throwing net      ||     3
       Large rock        ||     2
Armor: Robe              ||    19
Dodge: Dodged            ||    31

Table legend: (Time is in decaauts)
 A = Elapsed time spent in this place.
 B = Non-inter-level travel time spent in this place.
 C = Inter-level travel time spent in this place.
 D = Time resting spent in this place.
 E = Time spent auto-exploring this place.
 F = Levels seen in this place.
 G = Mean time per level.
                   A        B        C        D        E       F      G
               +--------+--------+--------+--------+--------+-----+--------+
         Total |    666 |    645 |     21 |      0 |    488 |   2 |  333.0 |
       Dungeon |    666 |    645 |     21 |      0 |    488 |   2 |  333.0 |
               +--------+--------+--------+--------+--------+-----+--------+

Top non-repeatable levels by time:
     D:1: 502 daAuts
     D:2: 164 daAuts
